 Dungeon Crawl Stone Soup version 0.29.1-1-gd02db6906a (webtiles) character file.

Game seed: 12124605483374802859

4452 cdecastro the Grappler (level 10, -7/106 HPs)
             Began as a Troll Berserker on Sept 23, 2022.
             Was a High Priest of Trog.
             Mangled by an orc wizard
             ... wielding a +0 war axe
              (9 damage)
             ... on level 9 of the Dungeon.
             The game lasted 00:12:25 (8258 turns).

cdecastro the Grappler (Troll Berserker)            Turns: 8258, Time: 00:12:27

Health: -7/106     AC:  4    Str: 33    XL:     10   Next: 15%
Magic:  9/9        EV: 10    Int:  5    God:    Trog [*****.]
Gold:   543        SH:  0    Dex: 11    Spells: 9/9 levels left

rFire   . . .      SeeInvis .     - Unarmed
rCold   . . .      Faith    .   (no shield)
rNeg    . . .      Spirit   .   a - +0 animal skin
rPois   .          Reflect  .   (helmet restricted)
rElec   .          Harm     .   (no cloak)
rCorr   .          Rampage  .   (gloves unavailable)
Will    .....                   (boots unavailable)
Stlth   +.........              (no amulet)
HPRegen 1.07/turn               e - +6 ring of strength
MPRegen 0.11/turn               (no ring)

@: no status effects
A: large, unfitting armour, claws 3, regeneration 1, shaggy fur 1, tough skin 1
a: Renounce Religion, Berserk, Trog's Hand, Brothers in Arms


You were on level 9 of the Dungeon.
You worshipped Trog.
Trog was extremely pleased with you.
You visited 2 branches of the dungeon, and saw 10 of its levels.

You collected 543 gold pieces.

Inventory:

Missiles
 b - 88 stones
 j - 28 poisoned darts (quivered)
 m - 9 atropa-tipped darts
Armour
 a - a +0 animal skin (worn)
Jewellery
 e - a +6 ring of strength (left claw)
 l - an amulet of magic regeneration
 A - a ring of fire
 C - a ring of fire
Wands
 v - a wand of acid (5)
Scrolls
 c - 2 scrolls of teleportation {unknown}
 d - 8 scrolls of identify {unknown}
 f - a scroll of brand weapon {unknown}
 h - 2 scrolls of noise {unknown}
 p - a scroll of magic mapping {unknown}
 q - a scroll of fog {unknown}
 r - 2 scrolls of vulnerability {unknown}
 s - 3 scrolls of amnesia {unknown}
 y - a scroll of silence {unknown}
 z - a scroll of enchant weapon {unknown}
 B - a scroll of fear {unknown}
Potions
 g - a potion of cancellation {unknown}
 i - 4 potions of degeneration {unknown}
 k - 2 potions of brilliance {unknown}
 n - 5 potions of curing {unknown}
 o - 3 potions of haste {unknown}
 t - a potion of flight {unknown}
 u - a potion of ambrosia {unknown}
 w - a potion of heal wounds {unknown}
 x - a potion of invisibility {unknown}
 D - a potion of attraction {unknown}
Miscellaneous
 E - a piece from Xom's chessboard (15/15)


   Skills:
 + Level 8.8 Fighting
 - Level 5.0 Throwing
 - Level 2.4 Dodging
 - Level 10.0 Unarmed Combat


You had 9 spell levels left.
You didn't know any spells.
Your spell library contained the following spells:

 Spells                   Type           Power      Damage    Failure   Level
 Apportation              Tloc           0%         N/A       47%         1
 Necrotise                Necr           0%         1d4       47%         1
 Sting                    Tmut/Pois      0%         1d3       47%         1
 Summon Small Mammal      Summ           0%         N/A       47%         1
 Dazzling Flash           Conj/Hex       0%         N/A       85%         3
 Iskenderun's Mystic Bla  Conj/Tloc      0%         2d3       99%         4
 Iskenderun's Battlesphe  Conj           0%         2d6       100%        5
 Eringya's Noxious Bog    Tmut/Pois      0%         N/A       100%        6
 Starburst                Conj/Fire      0%         6d3       100%        6
 Spellforged Servitor     Conj/Summ      0%         N/A       100%        7


Dungeon Overview and Level Annotations

Branches:
Dungeon (9/15)             Temple (1/1) D:4            Lair (0/5) D:8
    Orc: D:9-12

Altars:
Ashenzari
Cheibriados
Dithmenos
Elyvilon
Fedhas
Gozag
Hepliaklqana
Kikubaaqudgha
Makhleb
Nemelex Xobeh
Okawaru
Qazlal
Ru
Sif Muna
Trog
Uskayaw
Vehumet
Wu Jian
Xom
Yredelemnul
Zin
The Shining One

Shops:
D:1 :   D:7 (

Portals:
Abyss: D:4

Annotations:
D:4 2 transporters, turdburglar's ghost, amateur DsGl
D:5 2 transporters
D:8 exclusion: downstairs


Innate Abilities, Weirdness & Mutations

You are too large for most types of armour.
You have claws for hands.
Your natural rate of healing is unusually fast.
You are covered in fur. (AC +1)
You have tough skin. (AC +1)


Message History

The helpless water moccasin fails to defend itself.
You claw the water moccasin!
The water moccasin is moderately wounded.
The water moccasin closely misses you. The water moccasin bites you.
You closely miss the water moccasin. You claw the water moccasin!!
You kill the water moccasin!
Trog accepts your kill.
You see here a water moccasin corpse.
An orc comes into view. It is wielding a +0 club.
An orc is nearby!
No target in view!
No target in view!
No target in view!
No target in view! 2 orc wizards come into view.
The orc wizard shouts! x2
Throw: 29 darts (poison)
Press: ? - help, Q - select action, (/) - cycle Shift-Dir - straight line, f - orc wizard
Aim: an orc wizard, wielding a +0 war axe and wearing a +0 robe (56% to hit)
You throw a poisoned dart. The poisoned dart hits the orc wizard.
The orc wizard is poisoned.
You hear a shout!
You hear two shouts!
You hear a shout!
A two-headed ogre and an orc come into view.
The two-headed ogre shouts in stereo!
The orc shouts!
Found a dagger.
The orc wizard mumbles some strange words.
The orc wizard flickers and vanishes!
Deactivating autopickup; reactivate with Ctrl-A.
You completely miss the two-headed ogre.
The orc hits you with a +0 club. Something hits you but does no damage.
The two-headed ogre hits you with a +0 giant club!!
The two-headed ogre hits you with a +0 giant spiked club!!
Unknown command.
The two-headed ogre attacks as you move away!
The two-headed ogre hits you with a +0 giant club!!
* * * LOW HITPOINT WARNING * * *
The two-headed ogre hits you with a +0 giant spiked club!!
* * * LOW HITPOINT WARNING * * *
Something hits you!
You die...

#.#.. .. #. #.....
#.#.##..#..##.##..)#>
##.....#.).#........).
#....#...#...#........
###..#...#...#...#..##.#
##..#...#...#...#...#...#
#.#...#...#...#...#...#.#
#...#...#.Oo#...#...#...#
#.#...#.@.# #...#...#.#
#...#...#.o.# ..#...#...#
#.#...#...#...#...#...#..
#...#...#...#...#...#...#
#.#...#...#...#...#...#.#
#...#...#...#...#...#...#
#.#...#...#...#...#...#.#
#...#...#...#...#...#....
#.#...#...#...#...#...#..


You could see a two-headed ogre, an orc wizard and an orc.

Vanquished Creatures
  A two-headed ogre (D:8)
  2 wyverns
  Eustachio (D:6)
  Menkaure (D:5)
  4 water moccasins
  3 sky beasts
  A black bear (D:5)
  2 orc warriors
  An ice beast (D:6)
  2 ogres
  2 centaurs
  2 kobold brigands
  2 bullfrogs
  6 scorpions
  3 necrophages
  A jelly (D:6)
  2 hounds (D:5)
  3 gnoll boudas
  7 orc priests
  4 iguanas
  Natasha (thrice) (D:4)
  Terence (D:2)
  7 orc wizards
  17 gnolls
  8 adders
  2 shadow imps
  2 ufetubi
  2 worms
  4 dart slugs
  19 orcs
  10 ball pythons
  11 endoplasms
  3 giant cockroaches
  8 goblins
  6 hobgoblins
  10 jackals
  2 quokkas
  5 bats
  2 frilled lizards (D:1)
  14 kobolds
  4 rats
190 creatures vanquished.

Vanquished Creatures (others)
  6 plants
6 creatures vanquished.

Grand Total: 196 creatures vanquished

Notes
Turn   | Place    | Note
-------+----------+-------------------------------------------
     0 | D:1      | cdecastro the Troll Berserker began the quest for the Orb.
     0 | D:1      | Reached XP level 1. HP: 22/22 MP: 0/0
   171 | D:1      | Reached XP level 2. HP: 29/29 MP: 1/1
   204 | D:1      | Reached skill level 4 in Unarmed Combat
   370 | D:1      | Found Sateippy's Book Shoppe.
   446 | D:1      | Reached XP level 3. HP: 36/36 MP: 2/2
   963 | D:1      | Found a faded altar of an unknown god.
  1071 | D:2      | Reached ** piety under Trog
  1164 | D:2      | Reached skill level 5 in Unarmed Combat
  1164 | D:2      | Reached XP level 4. HP: 42/44 MP: 3/3
  1236 | D:2      | Noticed Terence
  1248 | D:2      | Killed Terence
  1415 | D:2      | Reached XP level 5. HP: 50/50 MP: 4/4
  1765 | D:3      | Found an ornate altar of the Wu Jian Council.
  1787 | D:3      | Reached skill level 6 in Unarmed Combat
  2427 | D:3      | Got the Quarto of Ruinous Metamorphosis
  2484 | D:4      | Found a transporter.
  2484 | D:4      | Noticed an ancient zyme
  2505 | D:4      | Noticed a small abomination
  2528 | D:4      | Found a transporter.
  2617 | D:4      | Noticed turdburglar's ghost (amateur DsGl)
  2633 | D:4      | Found a one-way gate to the infinite horrors of the Abyss.
  2643 | D:4      | Reached skill level 7 in Unarmed Combat
  2643 | D:4      | Reached XP level 6. HP: 29/59 MP: 5/5
  2965 | D:4      | Reached *** piety under Trog
  3035 | D:4      | Found a staircase to the Ecumenical Temple.
  3035 | D:4      | Noticed Natasha
  3044 | D:4      | Killed Natasha
  3055 | Temple   | Entered the Ecumenical Temple
  3195 | D:4      | Noticed Natasha
  3203 | D:4      | Killed Natasha
  3320 | D:4      | Noticed Natasha
  3327 | D:4      | Killed Natasha
  3328 | D:4      | Reached skill level 8 in Unarmed Combat
  3328 | D:4      | Reached XP level 7. HP: 62/66 MP: 6/6
  3396 | D:5      | Entered Level 5 of the Dungeon
  3613 | D:5      | Reached skill level 9 in Unarmed Combat
  3736 | D:5      | Noticed a wyvern
  3752 | D:4      | Killed a wyvern
  3753 | D:4      | Reached XP level 8. HP: 18/74 MP: 7/7
  3804 | D:5      | Reached skill level 10 in Unarmed Combat
  3804 | D:5      | Reached skill level 1 in Throwing
  3843 | D:5      | Noticed Menkaure
  3984 | D:5      | Found a transporter.
  3996 | D:5      | Killed Menkaure
  4083 | D:5      | Found a transporter.
  4601 | D:6      | Noticed Eustachio
  4668 | D:6      | Killed Eustachio
  4669 | D:6      | Reached skill level 5 in Throwing
  5230 | D:6      | Reached XP level 9. HP: 73/85 MP: 8/8
  5346 | D:6      | Reached **** piety under Trog
  5347 | D:6      | Reached skill level 5 in Fighting
  6245 | D:7      | Found Xiur's Antique Weapon Emporium.
  7255 | D:8      | Found a staircase to the Lair.
  7257 | D:8      | Noticed a fire dragon
  7397 | D:8      | Found a glowing silver altar of Zin.
  7430 | D:8      | Found a white marble altar of Elyvilon.
  7448 | D:8      | Found a shadowy altar of Dithmenos.
  7500 | D:8      | Noticed a two-headed ogre
  7510 | D:8      | Killed a two-headed ogre
  7613 | D:8      | Reached XP level 10. HP: 79/104 MP: 9/9
  8096 | D:9      | Reached ***** piety under Trog
  8254 | D:9      | Noticed a two-headed ogre
  8258 | D:9      | HP: 1/106 [two-headed ogre/+0 giant club (24)]
  8258 | D:9      | Mangled by an orc wizard

Illustrated notes

Levels and vault maps discovered:
D:1:      lemuel_arrival_behind_the_door_large, layout_basic,
          shapermc_ecumenical_altar_ellora, serial_shops, shop
D:2:      layout_loops_ring, uniq_terence
D:3:      layout_loops_cross, lemuel_crystal_altar, nicolae_grassy_gnolls
D:4:      layout_basic, temple_hall, gammafunk_ghost_abyssal_escape,
          uniq_natasha
D:5:      gammafunk_cloud_chamber, layout_basic, uniq_menkaure
D:6:      layout_layer_cave, uniq_eustachio
D:7:      layout_layer_cave, serial_shops, shop_statue, grunt_ministairs_2,
          chequers_serial_rivers_micro_e
D:8:      layout_loops_ring, gammafunk_temple_overflow_forgotten,
          minmay_lair_entry_lava, kennysheep_generic_room_10
D:9:      layout_loops_cross, hex_large
Temple:   mainiacjoe_temple_coin_purse

Skill      XL: |  1  2  3  4  5  6  7  8  9 |
---------------+----------------------------+-----
Unarmed Combat | 4 5 7 8 9 10 | 10.0
Throwing       | 5 |  5.0
Fighting       | 4 8 |  8.8
Dodging        | |  2.4

Action                   |  1- 3 |  4- 6 |  7- 9 | 10-12 || total
-------------------------+-------+-------+-------+-------++-------
Melee: Unarmed           |    76 |   162 |   217 |    34 ||   489
       Punch             |     3 |     4 |     3 |     1 ||    11
Throw: Dart              |       |     7 |    45 |     1 ||    53
Invok: Berserk           |       |     2 |     8 |     1 ||    11
 Stab: Sleeping          |     1 |     2 |       |     1 ||     4
Armor: Animal skin       |    25 |    39 |    43 |     4 ||   111
Dodge: Dodged            |    40 |    63 |    82 |    28 ||   213
